 Dungeon Crawl Stone Soup version 0.18-a0-9-gd4dcb6f (webtiles) character file.

17080 Clownie the Peltast (level 12, -2/81 HPs)
             Began as a Formicid Fighter on Nov 1, 2015.
             Was the Champion of Cheibriados.
             Slain by a large abomination (22 damage)
             ... on level 12 of the Dungeon.
             The game lasted 00:25:05 (10286 turns).

Clownie the Peltast (Formicid Fighter)             Turns: 10286, Time: 00:25:05

Health: -2/81      AC: 19    Str: 44    XL:     12   Next: 78%
Magic:  20/20      EV: 15    Int: 27    God:    Cheibriados [******]
Gold:   527        SH: 18    Dex: 29    Spells: 0 memorised, 11 levels left

rFire  . . .     SeeInvis +     J - +6 spear of Gozag's Hope {pierce, *Drain Dex+4}
rCold  . . .     Clarity  +     p - +2 scale mail of the Flute {rPois Regen+}
rNeg   . . .     SustAt   .     c - +0 shield
rPois  +         Gourm    .     (helmet unavailable)
rElec  .         Spirit   .     X - +2 cloak
rCorr  .         Warding  .     S - +0 pair of gloves
rMut   .         Stasis   +     (no boots)
MR     +....                    W - amulet of clarity
Stlth  +.........               B - +5 ring of evasion
                                l - +3 ring of protection

@: mighty, very slow, somewhat resistant to hostile enchantments, very
unstealthy
A: permanent stasis, dig shafts and tunnels, four strong arms, antennae 3,
clever 1
a: Dig, Shaft Self, Bend Time, Temporal Distortion, Slouch, Step From Time,
Renounce Religion


You were on level 12 of the Dungeon.
You worshipped Cheibriados.
Cheibriados was exalted by your worship.
You were not hungry.

You visited 2 branches of the dungeon, and saw 13 of its levels.

You collected 780 gold pieces.
You spent 253 gold pieces at shops.

Inventory:

Hand Weapons
 J - the +6 spear of Gozag's Hope (weapon) {pierce, *Drain Dex+4}
   (You found it on level 4 of the Dungeon)

   It inflicts extra damage upon your enemies.
   It affects your dexterity (+4).
   It causes draining when unequipped.
 Z - a +0 arbalest
Missiles
 a - 27 bolts
Armour
 c - a +0 shield (worn)
 p - the +2 scale mail of the Flute (worn) {rPois Regen+}
   (You found it on level 6 of the Dungeon)

   It protects you from poison.
   It increases your rate of regeneration.
 S - a +0 pair of gloves (worn)
 X - a +2 cloak (worn)
Jewellery
 l - a +3 ring of protection (left hand)
 B - a +5 ring of evasion (right hand)
 F - an uncursed ring of protection from cold
 O - a +4 ring of dexterity
 W - an amulet of clarity (around neck)
Wands
 d - a wand of polymorph (11)
 g - a wand of flame (8)
 x - a wand of slowing (32)
 y - a wand of flame (16)
 K - a wand of cold (6)
 U - a wand of confusion (25)
Scrolls
 h - 5 scrolls of remove curse
 i - 2 scrolls of amnesia
 k - 4 scrolls of enchant armour
 m - 4 scrolls of magic mapping
 o - a scroll of enchant weapon {unknown}
 s - a scroll of immolation
 t - 3 scrolls of fear
 G - a scroll of fog
 L - a scroll of brand weapon {unknown}
 P - 2 scrolls of holy word {unknown}
 R - a scroll of random uselessness {unknown}
 V - 4 scrolls of recharging {unknown}
Potions
 f - a potion of agility
 n - 5 potions of lignification
 w - a potion of flight
 A - 2 potions of invisibility
 D - a potion of might
 E - 3 potions of brilliance
 M - a potion of beneficial mutation
 N - 9 potions of curing
 Q - 2 potions of magic
 Y - a potion of poison
Books
 b - a book of Hinderance

   Spells                             Type                      Level
   a - Confusing Touch                Hexes                        2
   b - Confuse                        Hexes                        3
   c - Gell's Gravitas                Hexes/Translocation          3
   d - Petrify                        Transmutation/Earth          4
   e - Metabolic Englaciation         Hexes/Ice                    5
Miscellaneous
 j - a plain deck of summoning
 T - a lamp of fire
Comestibles
 e - 4 bread rations
 r - 8 meat rations
 u - 4 chunks of flesh
 z - 13 fruits
 H - 7 slices of pizza
 I - 2 royal jellies


   Skills:
 - Level 3.2 Fighting
   Level 2.0 Long Blades
 - Level 7.0 Polearms
 - Level 11.1 Armour
 + Level 15.2 Shields
 - Level 11.0 Invocations


You had 11 spell levels left.
You didn't know any spells.

Dungeon Overview and Level Annotations

Branches:
Dungeon (12/15)            Temple (1/1) D:5            Lair (0/8) D:8
    Orc (0/4) D:12

Altars:
Ashenzari
Cheibriados
Dithmenos
Elyvilon
Fedhas
Gozag
Kikubaaqudgha
Makhleb
Nemelex Xobeh
Okawaru
Qazlal
Ru
Sif Muna
Trog
Vehumet
Xom
Yredelemnul
Zin
The Shining One

Shops:
D:7 [   D:10 !   D:11 [


Innate Abilities, Weirdness & Mutations

You are under a permanent stasis effect.
You can dig through walls and to a lower floor.
Your four strong arms can wield two-handed weapons with a shield.
You have a pair of large antennae on your head (SInv).
Your mind is acute. (Int +2)


Message History

You hit the small abomination but do no damage.
The small abomination is almost destroyed.
You block the small abomination's attack.
You hit the small abomination.
You destroy the small abomination!
Cheibriados appreciates the change of pace.
You hit the large abomination but do no damage.
You hit the large abomination but do no damage.
You hit the large abomination.
The large abomination is lightly damaged.
The large abomination hits you!!
* * * LOW HITPOINT WARNING * * *
You are too injured to fight recklessly!
You are too injured to fight recklessly!
You are too injured to fight recklessly!
You are too injured to fight recklessly!
Drink which item? (? for menu, Esc to quit)
You feel very mighty all of a sudden. The large abomination hits you!!
You die...

###.####.....
######............
#....#.....###....
#...†#....###.....
#...)'.#### #.....
## #...)### #.....
#.. #....# ##....
#...#....# ##.>.
#...X@...# ####
#...#....# ###
######


You could see a large abomination.

Vanquished Creatures
  A hydra (D:8)
  The ghost of vev the Fighter, a novice OgBe of Trog (D:7)
  A wizard (D:12)
  Pikel (D:6)
  5 hill giants
  A wolf spider zombie (D:12)
  An orc knight (D:12)
  A cyclops (D:11)
  A manticore (D:11)
  A fire drake (D:8)
  A troll (D:10)
  Grinder (D:3)
  4 large abominations (D:12)
  2 deep elf magi (D:10)
  2 yaks (D:8)
  A wraith (D:11)
  3 hippogriffs
  4 vampire mosquitoes (D:12)
  Grum (D:10)
  Menkaure (D:5)
  3 wolves (D:10)
  A water moccasin (D:12)
  A necrophage (D:8)
  6 orc warriors
  A slave (D:6)
  4 black bears
  3 phantoms
  2 ice beasts
  2 sky beasts
  A wasp (D:9)
  2 ogres
  10 centaurs
  8 big kobolds
  A crocodile (D:12)
  8 giant frogs
  7 small abominations (D:12)
  3 scorpions
  6 wights
  5 crimson imps
  A centaur zombie (D:12)
  A quasit (D:8)
  A centaur skeleton (D:10)
  4 jellies
  3 iguanas
  3 hounds
  6 orc priests
  9 orc wizards
  16 worker ants
  A giant frog skeleton (D:11)
  Terence (D:3)
  Natasha (twice) (D:4)
  2 sheep (D:8)
  2 hound skeletons
  13 adders
  2 shadow imps
  An ooze (D:1)
  2 adder skeletons
  An adder zombie (D:6)
  6 worms
  4 giant geckos
  46 orcs
  2 ball pythons
  5 bats
  4 giant cockroaches
  13 goblins
  7 hobgoblins
  12 jackals
  33 kobolds
  2 quokkas
  A giant gecko skeleton (D:4)
  5 giant newts
  A quokka skeleton (D:5)
  16 rats
  3 bushes (D:3)
339 creatures vanquished.

Vanquished Creatures (others)
  A slave (D:6)
  A jelly (D:6)
  A quokka (D:6)
  A plant (D:7)
4 creatures vanquished.

Grand Total: 343 creatures vanquished

Notes
Turn   | Place    | Note
--------------------------------------------------------------
     0 | D:1      | Clownie the Formicid Fighter began the quest for the Orb.
     0 | D:1      | Reached XP level 1. HP: 18/18 MP: 1/1
     6 | D:1      | Noticed a fire giant
     6 | D:1      | Noticed a worker ant
     6 | D:1      | Noticed a giant leech
     6 | D:1      | Noticed an iguana
    87 | D:1      | Reached skill level 4 in Shields
   140 | D:1      | Reached XP level 2. HP: 24/24 MP: 2/2
   476 | D:1      | Reached XP level 3. HP: 29/29 MP: 3/3
   544 | D:1      | Found a sparkling altar of Nemelex Xobeh.
   621 | D:1      | Reached skill level 5 in Shields
   908 | D:2      | Found a glowing golden altar of the Shining One.
  1201 | D:2      | Reached XP level 4. HP: 32/35 MP: 4/4
  1314 | D:2      | Reached skill level 6 in Shields
  1364 | D:2      | Noticed a moth of wrath
  1367 | D:2      | Found a bloodstained altar of Trog.
  1712 | D:2      | Found a radiant altar of Vehumet.
  1823 | D:3      | Reached XP level 5. HP: 28/41 MP: 5/5
  1824 | D:3      | Found a faded altar to an unknown god.
  1903 | D:3      | Noticed Terence
  1917 | D:3      | Killed Terence
  2059 | D:3      | Noticed Grinder
  2084 | D:3      | Killed Grinder
  2084 | D:3      | Reached skill level 8 in Shields
  2084 | D:3      | Reached XP level 6. HP: 22/47 MP: 6/6
  3015 | D:3      | Reached skill level 9 in Shields
  3015 | D:3      | Reached XP level 7. HP: 36/52 MP: 7/7
  3105 | D:4      | Found an iron altar of Okawaru.
  3142 | D:4      | Found an ancient bone altar of Kikubaaqudgha.
  3176 | D:4      | Found a glowing silver altar of Zin.
  3517 | D:4      | Found a deep blue altar of Sif Muna.
  3518 | D:4      | Noticed Natasha
  3521 | D:4      | Killed Natasha
  3544 | D:4      | Noticed Natasha
  3554 | D:4      | Killed Natasha
  3689 | D:4      | Got an ichor-stained spear
  3690 | D:4      | Identified the +6 spear of Gozag's Hope {pierce, *Drain Dex+4} (You found it on level 4 of the Dungeon)
  3801 | D:5      | Entered Level 5 of the Dungeon
  3820 | D:5      | Reached skill level 5 in Armour
  3830 | D:5      | Found a staircase to the Ecumenical Temple.
  3887 | D:5      | Noticed Menkaure
  3895 | D:5      | Killed Menkaure
  3895 | D:5      | Reached XP level 8. HP: 43/58 MP: 8/8
  3900 | Temple   | Entered the Ecumenical Temple
  3983 | Temple   | Became a worshipper of Cheibriados the Contemplative
  4058 | D:5      | Found a shimmering altar of Xom.
  4447 | D:5      | Found a sacrificial altar of Ru.
  4592 | D:6      | Reached skill level 5 in Polearms
  4612 | D:6      | Reached * piety under Cheibriados
  4681 | D:6      | HP: 1/87 [orc warrior/enchanted glaive (7)]
  4688 | D:6      | Reached XP level 9. HP: 13/64 MP: 9/9
  4753 | D:6      | Gained mutation: Your mind is acute. (Int +2) [mutagenic meat]
  5068 | D:6      | Found a burning altar of Makhleb.
  5122 | D:6      | Noticed Pikel
  5137 | D:6      | Killed Pikel
  5441 | D:6      | Found a blossoming altar of Fedhas.
  5507 | D:6      | Found an ancient bone altar of Kikubaaqudgha.
  5530 | D:6      | Reached ** piety under Cheibriados
  5541 | D:6      | Got a transparent scale mail
  5552 | D:6      | Identified the +2 scale mail of the Flute {rPois Regen+} (You found it on level 6 of the Dungeon)
  5587 | D:7      | Noticed vev's ghost (novice OgBe)
  5843 | D:7      | Killed vev's ghost
  5843 | D:7      | Reached XP level 10. HP: 32/70 MP: 14/17
  6005 | D:7      | Reached skill level 10 in Invocations
  6048 | D:7      | Found Kuatyt's Armour Boutique.
  6181 | D:7      | Found a white marble altar of Elyvilon.
  6401 | D:7      | Reached *** piety under Cheibriados
  6424 | D:7      | Reached skill level 11 in Invocations
  6742 | D:8      | Found a staircase to the Lair.
  6800 | D:8      | Reached **** piety under Cheibriados
  7600 | D:8      | Noticed a three-headed hydra
  7614 | D:8      | Killed a three-headed hydra
  7614 | D:8      | Reached XP level 11. HP: 51/75 MP: 19/19
  7744 | D:9      | Reached ***** piety under Cheibriados
  7768 | D:9      | Reached skill level 10 in Armour
  7870 | D:9      | Found a stormy altar of Qazlal.
  8165 | D:9      | Noticed a hill giant
  8173 | D:9      | Killed a hill giant
  8659 | D:10     | Entered Level 10 of the Dungeon
  8840 | D:10     | Reached skill level 10 in Shields
  8913 | D:10     | Noticed Grum
  8926 | D:10     | Killed Grum
  9118 | D:10     | You fall through a shaft!
  9124 | D:11     | Noticed a hill giant
  9144 | D:11     | Killed a hill giant
  9269 | D:10     | Found Gan Ebb's Distillery.
  9272 | D:10     | Bought a potion of might for 44 gold pieces
  9272 | D:10     | Bought a potion of might for 44 gold pieces
  9272 | D:10     | Bought a potion of curing for 33 gold pieces
  9272 | D:10     | Bought a potion of curing for 33 gold pieces
  9272 | D:10     | Bought a potion of curing for 33 gold pieces
  9272 | D:10     | Bought a potion of curing for 33 gold pieces
  9272 | D:10     | Bought a potion of curing for 33 gold pieces
  9437 | D:11     | Noticed a manticore
  9444 | D:11     | Killed a manticore
  9461 | D:11     | Found Kinigeph's Armour Boutique.
  9545 | D:11     | Reached skill level 12 in Shields
  9661 | D:11     | Reached ****** piety under Cheibriados
  9661 | D:11     | Reached XP level 12. HP: 81/81 MP: 20/20
  9683 | D:11     | Noticed a cyclops
  9693 | D:11     | Killed a cyclops
  9879 | D:12     | Reached skill level 13 in Shields
  9910 | D:12     | Found a staircase to the Orcish Mines.
 10130 | D:12     | Reached skill level 14 in Shields
 10249 | D:12     | Reached skill level 15 in Shields
 10286 | D:12     | Slain by a large abomination

Vault maps used:
D:1:      onia_arrival_zoo_common, nemelex_diamond_rough_becter
D:2:      tgw_trog, tso_metal_star, overflow_temple_1_default
D:3:      serial_forest, infiniplex_forest_lined_3_way,
          infiniplex_forest_straight_4, infiniplex_forest_clump_medium,
          infiniplex_forest_clump_diagonal, infiniplex_forest_clump_double,
          infiniplex_forest_side_room, infiniplex_forest_clump_small,
          infiniplex_forest_end_double, ecumenical_altar_2, uniq_grinder,
          uniq_terence
D:4:      okawaru_ov_weapons_minmay, kiku_gazebo_garden_becter,
          old_standard_altar, zin_academy, first_bread, uniq_natasha
D:5:      xom_teletrap_fun, kennysheep_little_box, minmay_temple_entry_glass,
          uniq_menkaure
D:6:      lemuel_round_altar, nicolae_overflow_crystal_walls, tgw_kikubaaqudgha,
          uniq_pikel
D:7:      corexii_shack_village, lemuel_coloured_pillars_altar, serial_shops,
          shop_statue
D:8:      minmay_lair_entry_lava, hangedman_ranch
D:9:      overflow_temple_1_default, serial_co_window_serial,
          co_window_corner_a, co_window_paths_b, co_window_corner_a,
          co_window_paths_a, co_window_paths_b, co_window_broadway_b,
          co_window_of_opportunity_b, co_window_paths_c, co_window_paths_c,
          co_window_paths_d, co_window_4corner_b, glass_columns_a,
          glass_columns_c, glass_columns_a, glass_columns_a,
          corexii_leaking_fountain
D:10:     serial_shops, nicolae_shop_behind_doors, uniq_grum
D:11:     serial_shops, shop
D:12:     orc_david_3, nicolae_twisting_strands, st_stairs_12, laboratory
Temple:   circular_temple_6

Action                   |  1- 3 |  4- 6 |  7- 9 | 10-12 || total
-------------------------+-------+-------+-------+-------++-------
Melee: Long sword        |   111 |   411 |    68 |       ||   590
       Spear             |       |       |   280 |   831 ||  1111
Invok: Slouch            |       |       |       |     1 ||     1
Evoke: Wand              |       |       |     1 |       ||     1
  Use: Potion            |       |     1 |     7 |     1 ||     9
       Scroll            |       |       |    11 |     4 ||    15
  Eat: Chunk             |     1 |     6 |    10 |     9 ||    26
